 Dungeon Crawl Stone Soup version 0.32-a0-872-g59262bdc9b (webtiles) character file.

Game seed: 2822509433921667087

72 Lanoc the Cudgeller (level 4, 0/37 HPs)
             Began as a Mountain Dwarf Warper on Mar 30, 2024.
             Slain by an adder (1 damage)
             ... on level 3 of the Dungeon.
             The game lasted 00:02:35 (1910 turns).

Lanoc the Cudgeller (Mountain Dwarf Warper)         Turns: 1910, Time: 00:02:36

Health: 0/37       AC:  3    Str: 16    XL:     4   Next: 7%
Magic:  6/6        EV: 10    Int: 13    God:
Gold:   92         SH:  0    Dex:  9    Spells: 4/6 levels left

rFire   . . .        a - +0 mace
rCold   + . .        (no shield)
rNeg    . . .        b - +0 leather armour
rPois   .            (no helmet)
rElec   .            g - scarf {shadows}
rCorr   .            (no gloves)
SInv    .            (no boots)
Will    .....        (no amulet)
Stlth   +            e - ring of flight
HPRegen 0.26/turn    f - ring of protection from cold
MPRegen 0.10/turn

%: no passive effects
@: lethally poisoned (0 -> -2), flying
A: runic magic, artefact enchanting
a: no special abilities


You were on level 3 of the Dungeon.
You visited 1 branch of the dungeon, and saw 3 of its levels.

You collected 92 gold pieces.

Inventory:

Hand Weapons
 a - a +0 mace (weapon)
Missiles
 d - 7 darts of dispersal (quivered)
Armour
 b - a +0 leather armour (worn)
 g - a scarf of shadows (worn)
Jewellery
 e - a ring of flight (left hand)
 f - a ring of protection from cold (right hand)
Wands
 n - a wand of roots (14)
Scrolls
 c - 2 scrolls of blinking
 h - a scroll of poison {unknown}
 i - 2 scrolls of identify {unknown}
 l - a scroll of butterflies {unknown}
 m - 3 scrolls of enchant armour {unknown}
Potions
 j - a potion of haste


   Skills:
 + Level 2.7 Fighting
 * Level 3.6 Maces & Flails
 - Level 0.7 Throwing
 + Level 1.9 Armour
 - Level 1.3 Dodging
 - Level 1.7 Spellcasting
 * Level 3.1 Translocations


You had 4 spell levels left.
You knew the following spells:

 Your Spells              Type           Power      Damage    Failure   Level
a - Blink                 Tloc           18%        N/A       12%         2

Your spell library contained the following spells:

 Spells                   Type           Power      Damage    Failure   Level
 Lesser Beckoning         Tloc           18%        N/A       12%         2
 Teleport Other           Tloc           9%         N/A       22%         3
 Maxwell's Portable Pile  Tloc           9%         2d(6-12)  58%         4
 Dazzling Flash           Conj/Hex       2%         N/A       63%         3
 Mephitic Cloud           Conj/Alch/Air  1%         N/A       63%         3
 Vhi's Electric Charge    Tloc/Air       10%        N/A       80%         4
 Curse of Agony           Necr           1%         N/A       100%        5
 Silence                  Hex/Air        0%         N/A       100%        5


Dungeon Overview and Level Annotations

Branches:
Dungeon (3/15)

Altars:


Innate Abilities, Weirdness & Mutations

Your spellcasting is much less encumbered by armour.
You can use scrolls of enchantment on lesser artefacts.


Message History

You feel sick. The adder bites you but does no damage. The adder bites you.
You hit the adder but do no damage.
The adder is almost dead.
You feel sick. The adder bites you.
You are more poisoned.
The adder poisons you!
You are too injured to fight recklessly!
You barely miss the adder.
The adder is almost dead.
You feel sick. The adder closely misses you. The adder barely misses you.
You barely miss the adder.
The adder is almost dead.
You feel sick. The adder closely misses you.
You barely miss the adder.
The adder is almost dead.
You feel sick. The adder bites you.
* * * LOW HITPOINT WARNING * * *
The adder misses you.
You closely miss the adder.
The adder is almost dead.
You feel sick. The adder bites you but does no damage.
The adder closely misses you.
You completely miss the adder.
The adder is almost dead.
You feel sick.
You are no longer poisoned.
The adder barely misses you.
You miss the adder.
The adder is almost dead.
The adder barely misses you. The adder bites you.
* * * LOW HITPOINT WARNING * * *
You are poisoned.
The adder poisons you!
You barely miss the adder.
The adder is severely wounded.
* * * LOW HITPOINT WARNING * * *
You feel sick. The adder bites you.
* * * LOW HITPOINT WARNING * * *
The adder bites you.
You die...

..# .# ..# .# #.#..
. ##.#. #. ... ..
#S# #.# #.##@# ...
.# #...#####
#.####.###
#.......#
#.#.......
##.####.# #......
#.
#.####.###...#####.
#.#.............##.
#.#.##.###...##....
#.. ...# #.#.#####.
###.#### #.#.......


You could see an adder.

Vanquished Creatures
  2 adders (D:2)
  A dart slug (D:2)
  A ribbon worm (D:2)
  6 ball pythons
  3 endoplasms (D:1)
  A giant cockroach (D:1)
  3 hobgoblins
  8 jackals
  4 bats
  4 frilled lizards
  8 goblins
  2 kobolds (D:1)
  5 rats
48 creatures vanquished.

Notes
Turn   | Place    | Note
-------+----------+-------------------------------------------
     0 | D:1      | Lanoc the Mountain Dwarf Warper began the quest for the
                  | Orb.
     0 | D:1      | Reached XP level 1. HP: 17/17 MP: 3/3
    84 | D:1      | Reached XP level 2. HP: 7/25 MP: 4/4
   779 | D:2      | Reached XP level 3. HP: 30/30 MP: 5/5
   926 | D:2      | Learned a level 2 spell: Blink
  1080 | D:2      | HP: 2/45 [poisoned by an adder]
  1761 | D:3      | Reached XP level 4. HP: 25/37 MP: 6/6
  1910 | D:3      | HP: 1/37 [adder (3)]
  1910 | D:3      | Slain by an adder

Illustrated notes

Levels and vault maps discovered:
D:1:      shiori_arrival_maze, layout_rooms
D:2:      layout_basic
D:3:      layout_loops_cross, uniq_crazy_yiuf_cottage

Skill      XL: |  1  2  3 |
---------------+----------+-----
Maces & Flails | 3 |  3.6
Translocations | 3 |  3.1
Fighting       | |  2.7
Throwing       | |  0.7
Armour         | |  1.9
Dodging        | |  1.3
Spellcasting   | |  1.7

Action                     |  1- 3 |  4- 6 || total
---------------------------+-------+-------++-------
  Melee: Mace              |   185 |    33 ||   218
    Use: Potion            |     4 |       ||     4
   Stab: Sleeping          |     1 |       ||     1
 Armour: Leather armour    |   157 |    31 ||   188
  Dodge: Dodged            |   136 |    23 ||   159

Table legend: (Time is in decaauts)
 A = Elapsed time spent in this place.
 B = Non-inter-level travel time spent in this place.
 C = Inter-level travel time spent in this place.
 D = Time resting spent in this place.
 E = Time spent auto-exploring this place.
 F = Levels seen in this place.
 G = Mean time per level.
                   A        B        C        D        E       F      G
               +--------+--------+--------+--------+--------+-----+--------+
         Total |   1942 |   1928 |     14 |      0 |   1512 |   3 |  647.3 |
       Dungeon |   1942 |   1928 |     14 |      0 |   1512 |   3 |  647.3 |
               +--------+--------+--------+--------+--------+-----+--------+

Top non-repeatable levels by time:
     D:2: 1046 daAuts
     D:1: 722 daAuts
     D:3: 174 daAuts
